 Dungeon Sprint DCSS version 0.30-a0-34-gbe8da3892a (webtiles) character file.

Game seed: 3782042509529989727

3378 mhtbhm the Imperceptible (level 9, 0/47 HPs)
             Began as a Spriggan Brigand on Aug 27, 2022.
             Was an Elder of Dithmenos.
             Slain by a sixfirhy (10 damage)
             ... summoned by an orc sorcerer
             ... in the Dungeon (Sprint III: "The Ten Rune Challenge").
             The game lasted 00:02:39 (1590 turns).

mhtbhm the Imperceptible (Spriggan Brigand)         Turns: 1590, Time: 00:02:40

Health: 0/47       AC:  3    Str:  7    XL:     9   Next: 74%
Magic:  16/16      EV: 20    Int: 13    God:    Dithmenos [****..]
Gold:   17         SH:  0    Dex: 20    Spells: 3/8 levels left

rFire   . . .      SeeInvis +    a - +2 dagger (venom)
rCold   . . .      Faith    .    (no shield)
rNeg    . . .      Spirit   .    b - +0 robe
rPois   .          Reflect  .    (helmet restricted)
rElec   .          Harm     .    c - +0 cloak
rCorr   .          Rampage  .    (gloves unavailable)
Will    +....      NoTele   +    (boots unavailable) Stlth *****+++++
                                 (no amulet)
HPRegen 0.15/turn                (no ring)
MPRegen 0.15/turn                (no ring)

@: wreathed by umbra, very quick
A: very small, no large weapons, unfitting armour, see invisible, speed 3
a: Renounce Religion, Shadow Step


You were in the Dungeon.
You worshipped Dithmenos.
Dithmenos was greatly pleased with you.
You visited 1 branch You collected 17 gold pieces.

Inventory:

Hand Weapons
 a - a +2 dagger of venom (weapon)
Missiles
 d - 9 poisoned darts
 e - 2 curare-tipped darts (quivered)
Armour
 b - a +0 robe (worn)
 c - a +0 cloak (worn)
Scrolls
 k - a scroll of blinking
 o - a scroll of torment
Potions
 f - 2 potions of curing
 g - a potion of heal wounds
 h - a potion of haste
 i - 2 potions of magic
 j - a potion of berserk rage
 l - a potion of cancellation
 n - 4 potions of mutation {unknown}
 q - 3 potions of flight
 s - 2 potions of might
Miscellaneous
 t - a piece from Xom's chessboard (8/15)


   Skills:
 + Level 5.2 Fighting
 + Level 8.1 Short Blades
 + Level 6.1 Throwing
 + Level 5.2 Dodging
 + Level 26.0 Stealth
 * Level 8.6 Invocations


You had 3 spell levels left.
You knew the following spells:

 Your Spells              Type           Power      Damage    Failure   Level
a - Metabolic Englaciati  Hex/Ice        0%         N/A       100%        5

Your spell library contained the following spells:

 Spells                   Type           Power      Damage    Failure   Level
 Ozocubu's Armour         Ice            0%         N/A       67%         3
 Stone Arrow              Conj/Erth      0%         3d7       67%         3
 Animate Armour           Summ/Erth      0%         N/A       97%         4
 Simulacrum               Ice/Necr       0%         N/A       100%        6
 Lehudib's Crystal Spear  Conj/Erth      0%         10d2      100%        8


Dungeon Overview and Level Annotations

Branches:
Dungeon (1/1)

Altars:
Cheibriados
Dithmenos
Elyvilon
Fedhas
Gozag
Hepliaklqana
Kikubaaqudgha
Makhleb
Nemelex Xobeh
Okawaru
Qazlal
Ru
Sif Muna
Trog
Uskayaw
Vehumet
Wu Jian
Xom
Yredelemnul
Zin
The Shining One
Jiyva
Lugonu

Shops:
D (


Innate Abilities, Weirdness & Mutations

You are very small and have problems with some larger weapons.
You are too small for most types of armour.
You have supernaturally acute eyesight. (SInv)
You cover ground extremely quickly. (Speed+++)


Message History

You don't have any such object.
Evoke which item? (* to show all) (? for menu, Esc to quit)
Okay, then.
You make a move on Xom's chessboard...
Nothing appears to happen.
Your endoplasm hits the orc knight but does no damage.
The orc knight hits your endoplasm with a +0 dire flail!!
Your endoplasm dies!
Your endoplasm dissolves into shadows!
Unknown command.
You make a move on Xom's chessboard...
The orc sorcerer easily resists.
The orc knight roars a battlecry!
Unknown command.
You make a move on Xom's chessboard...
Nothing appears to happen.
The orc priest calls upon Beogh to heal something.
Unknown command.
You make a move on Xom's chessboard...
The orc knight easily resists.
The orc sorcerer casts a spell.
Throw: 3 darts (curare)
Press: ? - help, Q - select action, (/) - cycle Shift-Dir - straight line, f - orc knight
Aim: an orc knight, wielding a +0 dire flail and wearing a +0 plate armour (umbra, 67% to hit)
You throw a curare-tipped dart.
The curare-tipped dart hits the orc knight.
The orc knight is poisoned.
The orc knight convulses.
The orc knight seems to slow down.
The orc knight is lightly wounded.
You make a move on Xom's chessboard...
The orc struggles to resist.
The orc sorcerer gestures wildly while chanting.
The orc priest looks braver for a moment.
There is an open door here.
You make a move on Xom's chessboard...
The sixfirhy resists with almost no effort.
The sixfirhy barely misses you. The sixfirhy attacks as you move away!
The sixfirhy misses you. The sixfirhy barely misses you.
The sixfirhy misses you.
There is an open door here.
The sixfirhy hits you. The sixfirhy shocks you!
The sixfirhy attacks as you move away! The sixfirhy hits you!
* * * LOW HITPOINT WARNING * * *
The sixfirhy shocks you!
You die...

▓▓▓▓ ▓▓▓ ▓▓▓ ▓▓ ...♣♣♣♣
♣.############$$#$## ..†.♣.♣
♣♣.#___#___#__#$#∩#$### ....♣.♣
♣..#)..#__)#._#oo...o..
....~.♣♣♣..###'#'###'##oo......
...~~..♣.♣.#....@3....#oooooooo
..~~~~♣.♣..'.⌠........#o#
..~≈≈~~~♣♣.#...######'#4#
.~~≈~~~....#.⌠.#__#...#(#########
.~≈~~~.....#...#__#...#o.~~~'.#.'
.~~~.......#'###__#...#.#§~§#.#.#
...........#.))#__#...'.#§§§#.#.#
...........#___#__'...#.#.).#...#
▓▓▓▓▓▓▓▓▓▓▓▓▓▓▓▓▓▓▓▓▓▓▓▓▓▓▓▓▓▓▓▓▓


You could see a sixfirhy (summoned).

Vanquished Creatures
  Josephine (D)
  A centaur warrior (D)
  A deep elf pyromancer (D)
  An unseen horror (D)
  3 wandering mushrooms (D)
  A shadow (D)
  A spatial vortex (D)
  2 centaurs (D)
  An earth elemental (D)
  A scorpion (D)
  A necrophage (D)
  A water elemental (D)
  A jelly (D)
  Jessica (D)
  A wizard (D)
  A necromancer (D)
  3 humans (D)
  A kobold demonologist (D)
  An endoplasm (D)
  A rat (D)
25 creatures vanquished.

Notes
Turn   | Place    | Note
-------+----------+-------------------------------------------
     0 | D        | mhtbhm the Spriggan Brigand began the quest for the Orb.
     0 | D        | Reached XP level 1. HP: 10/10 MP: 2/2
    10 | D        | Reached skill level 6 in Stealth
   207 | D        | Noticed Jessica
   210 | D        | Killed Jessica
   211 | D        | Reached skill level 9 in Stealth
   211 | D        | Reached XP level 2. HP: 13/15 MP: 3/3
   255 | D        | Reached skill level 10 in Stealth
   255 | D        | Reached XP level 3. HP: 18/18 MP: 4/4
   263 | D        | Noticed a scorpion
   270 | D        | Killed a scorpion
   271 | D        | Reached skill level 13 in Stealth
   271 | D        | Reached XP level 4. HP: 23/23 MP: 5/5
   299 | D        | Noticed a water elemental
   310 | D        | Killed a water elemental
   311 | D        | Reached skill level 14 in Stealth
   311 | D        | Reached XP level 5. HP: 24/28 MP: 6/6
   441 | D        | Found a shadowy altar of Dithmenos.
   456 | D        | Reached skill level 15 in Stealth
   556 | D        | Found a basalt altar of Yredelemnul.
   556 | D        | Found a sacrificial altar of Ru.
   558 | D        | Reached skill level 16 in Stealth
   561 | D        | Became a worshipper of Dithmenos the Shadowed
   580 | D        | Found a glowing silver altar of Zin.
   581 | D        | Found a glowing golden altar of the Shining One.
   581 | D        | Found a white marble altar of Elyvilon.
   581 | D        | Noticed a deep elf pyromancer
   583 | D        | Killed a deep elf pyromancer
   584 | D        | Reached skill level 5 in Short Blades
   584 | D        | Reached skill level 19 in Stealth
   584 | D        | Reached XP level 6. HP: 33/33 MP: 6/10
   584 | D        | Reached XP level 7. HP: 37/37 MP: 6/11
   595 | D        | Found a radiant altar of Vehumet.
   596 | D        | Found a shimmering blue altar of Sif Muna.
   596 | D        | Found an ancient bone altar of Kikubaaqudgha.
   598 | D        | Reached skill level 5 in Throwing
   599 | D        | Reached * piety under Dithmenos
   646 | D        | Learned a level 5 spell: Metabolic Englaciation
   646 | D        | Found a hide-covered altar of Uskayaw.
   646 | D        | Found an iron altar of Okawaru.
   647 | D        | Found a bloodstained altar of Trog.
   647 | D        | Found an ornate altar of the Wu Jian Council.
   647 | D        | Noticed a human
   647 | D        | Noticed a human
   649 | D        | Killed a human
   650 | D        | Reached skill level 20 in Stealth
   650 | D        | Reached skill level 5 in Invocations
   650 | D        | Killed a human
   667 | D        | Noticed a shadow
   669 | D        | Killed a shadow
   669 | D        | Reached ** piety under Dithmenos
   670 | D        | Reached skill level 21 in Stealth
   670 | D        | Reached XP level 8. HP: 42/42 MP: 11/13
   675 | D        | Found a blossoming altar of Fedhas.
   675 | D        | Found a stormy altar of Qazlal.
   676 | D        | Found a snail-covered altar of Cheibriados.
   676 | D        | Found a burning altar of Makhleb.
   676 | D        | Found a hazy altar of Hepliaklqana.
   676 | D        | Found a shimmering altar of Xom.
   676 | D        | Found an opulent altar of Gozag.
   676 | D        | Found a sparkling altar of Nemelex Xobeh.
   676 | D        | Found a corrupted altar of Lugonu.
   676 | D        | Found a viscous altar of Jiyva.
   698 | D        | Noticed Josephine
   701 | D        | Killed Josephine
   702 | D        | Reached skill level 23 in Stealth
   713 | D        | Reached *** piety under Dithmenos
   719 | D        | Noticed a centaur warrior
   722 | D        | Reached XP level 9. HP: 46/46 MP: 15/15
   723 | D        | Killed a centaur warrior
   724 | D        | Reached skill level 5 in Fighting
   724 | D        | Reached skill level 24 in Stealth
   725 | D        | Reached skill level 25 in Stealth
   738 | D        | Noticed an unseen horror
   739 | D        | Killed an unseen horror
   739 | D        | Reached **** piety under Dithmenos
   740 | D        | Reached skill level 5 in Dodging
   750 | D        | Noticed a wandering mushroom
   754 | D        | Noticed a wandering mushroom
   756 | D        | Noticed a wandering mushroom
  1160 | D        | Reached skill level 26 in Stealth
  1558 | D        | Found Kokhloso's Antique Weapon Emporium.
  1559 | D        | Noticed an orc knight
  1560 | D        | Noticed an orc sorcerer
  1576 | D        | Noticed a sixfirhy
  1578 | D        | Noticed a red devil
  1590 | D        | Slain by a sixfirhy

Illustrated notes

Levels and vault maps discovered:
D:        dungeon_sprint_mu [sprint_mu_entry_forest, sprint_mu_temple_rooms,
          sprint_mu_d1_horrors, sprint_mu_d2_genie, sprint_mu_d3_branching,
          sprint_mu_orc_legion, sprint_mu_elf_gauntlet, sprint_mu_hive_nellie,
          sprint_mu_lair_fedhas, sprint_mu_vaults_butterflies,
          sprint_mu_slime_circle, sprint_mu_swamp_cave, sprint_mu_snake_twists,
          sprint_mu_blade_basic, sprint_mu_crypt_lich, sprint_mu_tomb_spiral,
          sprint_mu_vestibule_basic, sprint_mu_gehenna_hellfire,
          sprint_mu_dis_giant, sprint_mu_tartarus_statrot,
          sprint_mu_cocytus_islands, sprint_mu_zot1]

Skill      XL: |  1  2  3  4  5  6  7  8  9 |
---------------+----------------------------+-----
Stealth        | 9 10 13 14 19 21 23 26 | 26.0
Fighting       | 2 3 4 5 |  5.2
Short Blades   | 3 4 5 6 7 8 |  8.1
Throwing       | 3 4 5 6 |  6.1
Dodging        | 2 3 4 5 |  5.2
Invocations    | 4 5 7 8 |  8.6

Action                   |  1- 3 |  4- 6 |  7- 9 || total
-------------------------+-------+-------+-------++-------
Melee: Dagger            |     6 |    22 |    57 ||    85
       Punch             |       |       |     1 ||     1
Throw: Dart              |       |       |     4 ||     4
Evoke: Piece from Xom's  |       |       |     7 ||     7
  Use: Potion            |       |     1 |       ||     1
       Scroll            |       |       |     4 ||     4
 Stab: Sleeping          |     3 |     2 |    13 ||    18
Armor: Robe              |       |     2 |       ||     2
Dodge: Dodged            |       |     7 |    33 ||    40

Table legend: (Time is in decaauts)
 A = Elapsed time spent in this place.
 B = Non-inter-level travel time spent in this place.
 C = Inter-level travel time spent in this place.
 D = Time resting spent in this place.
 E = Time spent auto-exploring this place.
 F = Levels seen in this place.
 G = Mean time per level.
                   A        B        C        D        E       F      G
               +--------+--------+--------+--------+--------+-----+--------+
         Total |   1452 |   1452 |      0 |   1126 |      0 |   1 | 1452.0 |
       Dungeon |   1452 |   1452 |      0 |   1126 |      0 |   1 | 1452.0 |
               +--------+--------+--------+--------+--------+-----+--------+

Top non-repeatable levels by time:
       D: 1452 daAuts
